 Dungeon Crawl Stone Soup version 0.30.1-11-g7821555f0a (webtiles) character file.

Game seed: 14010001466657261533

84 jagang the Trooper (level 4, -1/37 HPs)
             Began as a Human Monk on Jan 12, 2024.
             Slain by a gnoll
             ... wielding a +0 whip
              (4 damage)
             ... on level 2 of the Dungeon.
             The game lasted 00:02:10 (1751 turns).

jagang the Trooper (Human Monk)                     Turns: 1751, Time: 00:02:11

Health: -1/37      AC:  9    Str: 11    XL:     4   Next: 74%
Magic:  4/4        EV:  9    Int: 11    God:
Gold:   97         SH:  0    Dex: 17    Spells: 3/3 levels left

rFire   . . .        a - +0 falchion
rCold   . . .        d - orb {light}
rNeg    . . .        f - +0 scale mail
rPois   .            j - +0 helmet
rElec   .            (no cloak)
rCorr   .            (no gloves)
SInv    .            b - +1 pair of boots {Fly}
Will    .....        (no amulet) Stlth
                     (no ring)
HPRegen 0.26/turn    (no ring)
MPRegen 0.09/turn

%: no passive effects
@: flying, glowing
A: no striking features
a: no special abilities


You were on level 2 of the Dungeon.
You visited 1 branch of the dungeon, and saw 2 of its levels.

You collected 97 gold pieces.

Inventory:

Hand Weapons
 a - a +0 falchion (weapon)
Armour
 b - a +1 pair of boots of flying (worn)
 d - an orb of light (worn)
 f - a +0 scale mail (worn)
 j - a +0 helmet (worn)
Jewellery
 k - a ring of ice
Scrolls
 e - a scroll of torment {unknown}
 g - a scroll of amnesia {unknown}
 h - a scroll of teleportation {unknown}
 i - 2 scrolls of identify {unknown}
Potions
 c - a potion of ambrosia


   Skills:
 * Level 3.9 Fighting
 * Level 3.9 Long Blades
 + Level 1.5 Armour
 - Level 3.0 Dodging


You had 3 spell levels left.
You didn't know any spells.
Your spell library was empty.

Dungeon Overview and Level Annotations

Branches:
Dungeon (2/15)

Altars:


Message History

The gnoll is lightly wounded.
The gnoll hits you with a +0 whip. The gnoll closely misses you.
You hit the gnoll.
The gnoll is moderately wounded.
The gnoll hits you with a +0 whip.
You are too injured to fight recklessly!
You are too injured to fight recklessly!
You are too injured to fight recklessly!
You barely miss the gnoll.
The gnoll is moderately wounded.
The gnoll hits you with a +0 whip.
You barely miss the gnoll.
The gnoll is moderately wounded.
The gnoll hits you with a +0 whip.
You hit the gnoll.
The gnoll is moderately wounded.
The gnoll barely misses you.
You hit the gnoll.
The gnoll is heavily wounded.
The gnoll barely misses you.
You hit the gnoll but do no damage.
The gnoll is heavily wounded.
The gnoll hits you with a +0 whip.
* * * LOW HITPOINT WARNING * * *
You hit the gnoll but do no damage.
The gnoll is heavily wounded.
The gnoll hits you with a +0 whip.
* * * LOW HITPOINT WARNING * * *
You hit the gnoll but do no damage.
The gnoll is heavily wounded.
The gnoll barely misses you.
You hit the gnoll.
The gnoll is heavily wounded.
The gnoll barely misses you.
You hit the gnoll but do no damage.
The gnoll is heavily wounded.
The gnoll hits you with a +0 whip.
* * * LOW HITPOINT WARNING * * *
The gnoll hits you with a +0 whip.
You die...

....>..######.......##
.##.##.# ##.....##
.##.##.# ##...##
.......# ##.## ..#.##.#
#######.####### .......#
#.....†.).....#
.......###.#####.###...#
###........# ###.##.....
# ###...#### #..@......#
# #...# #.#g##....# #
#...# #.#........ #
#...# #.#......## #...#
.#...# # #...# ##.#...#g
#####...#####........
.(...................
.÷...........g.......


You could see a gnoll.

Vanquished Creatures
  Robin (D:2)
  2 gnolls
  2 dart slugs
  A worm (D:2)
  3 ball pythons
  2 endoplasms (D:1)
  A giant cockroach (D:2)
  13 goblins
  6 hobgoblins
  2 jackals (D:2)
  2 quokkas (D:1)
  3 bats
  2 frilled lizards
  3 kobolds
  2 rats (D:1)
45 creatures vanquished.

Notes
Turn   | Place    | Note
-------+----------+-------------------------------------------
     0 | D:1      | jagang the Human Monk began the quest for the Orb.
     0 | D:1      | Reached XP level 1. HP: 18/18 MP: 1/1
   389 | D:1      | Reached XP level 2. HP: 24/24 MP: 2/2
   740 | D:1      | Reached XP level 3. HP: 29/29 MP: 3/3
  1037 | D:2      | Reached skill level 1 in Armour
  1045 | D:2      | Noticed Robin
  1063 | D:2      | HP: 1/29 [Robin/+0 club (2)]
  1064 | D:2      | Killed Robin
  1065 | D:2      | Reached XP level 4. HP: 1/37 MP: 4/4
  1751 | D:2      | Slain by a gnoll

Illustrated notes

Levels and vault maps discovered:
D:1:      arrival_zaba_pyramid, layout_loops_corners
D:2:      layout_loops_cross, basic_altar, uniq_robin

Skill      XL: |  1  2  3 |
---------------+----------+-----
Armour         | 1 |  1.5
Fighting       | |  3.9
Long Blades    | |  3.9
Dodging        | |  3.0

Action                     |  1- 3 |  4- 6 || total
---------------------------+-------+-------++-------
  Melee: Falchion          |    79 |    51 ||   130
 Armour: Scale mail        |    43 |     8 ||    51
  Dodge: Dodged            |    53 |    17 ||    70
